 Dungeon Sprint DCSS version 0.30-a0-800-g7c544603b3 (webtiles) character file.

Game seed: 16674427315831506969

9858 rocky1 the Protected (level 11, -7/93 HPs)
             Began as a Gnoll Wanderer on Feb 22, 2023.
             Was the Champion of Cheibriados.
             Mangled by a dire elephant (22 damage)
             ... in the Dungeon (Sprint IX: "|||||||||||||||||||||||||||||").
             The game lasted 00:03:09 (1449 turns).

rocky1 the Protected (Gnoll Wanderer)               Turns: 1449, Time: 00:03:09

Health: -7/93      AC: 28    Str: 33    XL:     11   Next: 53%
Magic:  26/26      EV: 17    Int: 26    God:    Cheibriados [******]
Gold:   0          SH:  0    Dex: 25    Spells: 28/32 levels left

rFire   . . .      SeeInvis .    m - +2 morningstar (protect)
rCold   . . .      Faith    .    (no shield)
rNeg    . . .      Spirit   .    o - +0 plate armour
rPois   .          Reflect  .    (no helmet)
rElec   .          Harm     .    n - +0 cloak
rCorr   .          Rampage  .    (no gloves)
Will    .....      NoTele   +    (no boots)
Stlth   +                        (no amulet)
HPRegen 0.35/turn                p - +2 ring of protection
MPRegen 0.20/turn                q - +2 ring of protection

@: under a protective aura, very slow
A: fangs 1, strong nose, distributed training
a: Renounce Religion, Bend Time, Temporal Distortion, Slouch, Step From Time


You were in the Dungeon.
You worshipped Cheibriados.
Cheibriados was exalted by your worship.
You visited 1 branch

Inventory:

Hand Weapons
 a - a +2 mace
 l - a +2 halberd of venom
 m - a +2 morningstar of protection (weapon)
Armour
 b - a +0 ring mail
 n - a +0 cloak (worn)
 o - a +0 plate armour (worn)
Jewellery
 p - a +2 ring of protection (left hand)
 q - a +2 ring of protection (right hand)
Wands
 k - a wand of acid (10)
Scrolls
 c - a scroll of silence
 i - 3 scrolls of blinking
 j - 2 scrolls of amnesia
 r - a scroll of fear
 s - a scroll of identify
 t - 2 scrolls of fog
Potions
 d - a potion of brilliance
 e - a potion of mutation
 f - a potion of haste
 g - 4 potions of magic
 h - 7 potions of curing


   Skills:
 + Level 11.2 Fighting
 + Level 10.8 Short Blades
 + Level 10.8 Long Blades
 + Level 10.8 Axes
 + Level 12.6 Maces & Flails
 + Level 10.8 Polearms
 + Level 10.8 Staves
 + Level 10.8 Ranged Weapons
 + Level 10.8 Throwing
 + Level 12.6 Armour
 + Level 10.8 Dodging
 + Level 10.8 Stealth
 + Level 10.8 Shields
 + Level 10.8 Unarmed Combat
 + Level 11.2 Spellcasting
 + Level 9.1 Conjurations
 + Level 9.1 Hexes
 + Level 9.1 Summonings
 + Level 9.1 Necromancy
 + Level 9.1 Translocations
 + Level 9.9 Transmutations
 + Level 9.1 Fire Magic
 + Level 9.1 Ice Magic
 + Level 9.1 Air Magic
 + Level 9.1 Earth Magic
 + Level 9.1 Poison Magic
 + Level 11.8 Invocations
 + Level 10.8 Evocations


You had 28 spell levels left.
You knew the following spells:

 Your Spells              Type           Power      Damage    Failure   Level
a - Beastly Appendage     Tmut           100%       N/A       1%          1
b - Spider Form           Tmut/Pois      59%        N/A       1%          3

Your spell library contained the following spells:

 Spells                   Type           Power      Damage    Failure   Level


Dungeon Overview and Level Annotations

Branches:
Dungeon (1/1)

Altars:
Cheibriados
Dithmenos
Elyvilon
Fedhas
Gozag
Hepliaklqana
Kikubaaqudgha
Makhleb
Nemelex Xobeh
Okawaru
Qazlal
Ru
Sif Muna
Trog
Uskayaw
Vehumet
Wu Jian
Xom
Yredelemnul
Zin
The Shining One
Jiyva
Lugonu


Innate Abilities, Weirdness & Mutations

You have very sharp teeth.
Your uncanny sense of smell can sniff out nearby items.
Your experience applies equally to all skills.


Message History

You hit the elephant.
The elephant is severely wounded.
You sock the elephant!
You punch the elephant, but do no damage.
The elephant is almost dead.
The elephant tramples you!
You stumble backwards!
You puncture the elephant!
You kill the elephant!
Cheibriados thoroughly appreciates the change of pace.
You hit the dire elephant. You bite the dire elephant.
The dire elephant is lightly wounded.
The dire elephant barely misses you. The dire elephant closely misses you.
You sock the dire elephant!
The dire elephant is lightly wounded.
The dire elephant tramples you!
You stumble backwards!
You hit the dire elephant but do no damage.
You bite the dire elephant, but do no damage.
The dire elephant is lightly wounded.
The dire elephant tramples you!
You stumble backwards!
You hit the dire elephant but do no damage.
You punch the dire elephant!
The dire elephant is moderately wounded.
The dire elephant tramples you!
* * * LOW HITPOINT WARNING * * *
You stumble backwards!
You hit the dire elephant but do no damage.
Your punch misses the dire elephant.
The dire elephant is lightly wounded.
The dire elephant closely misses you. x2
You impale the dire elephant!!
You bite the dire elephant, but do no damage.
The dire elephant is moderately wounded.
You hit the dire elephant.
The dire elephant is heavily wounded.
The dire elephant closely misses you. The dire elephant trunk-slaps you.
* * * LOW HITPOINT WARNING * * *
You barely miss the dire elephant.
The dire elephant is heavily wounded.
The dire elephant tramples you!!
You die...

∆∆∆∆∆∆∆∆∆∆∆∆∆ ∆∆∆∆∆∆∆∆∆∆∆∆ ∆∆∆∆
▓▓▓▓▓▓▓▓▓▓▓▓▓▓▓▓▓▓▓▓▓▓▓▓▓▓▓▓▓▓▓▓▓
.(|!.....'÷.÷.÷.@Y.÷††÷†††...'...
▓▓▓▓▓▓▓▓▓▓▓▓▓▓▓▓▓▓▓▓▓▓▓▓▓▓▓▓▓▓▓▓▓
.................................
▓▓▓▓▓▓▓▓▓▓▓▓▓▓▓▓▓▓▓▓▓▓▓▓▓▓▓▓▓▓▓▓▓
....'________________________'..)
▓▓▓▓▓▓▓▓▓▓▓▓▓▓▓▓▓▓▓▓▓▓▓▓▓▓▓▓▓▓▓▓▓


You could see a dire elephant.

Vanquished Creatures
  3 hydras (D)
  3 two-headed ogres (D)
  A cyclops (D)
  A manticore (D)
  6 elephants (D)
  A black mamba (D)
  2 cane toads (D)
  A rime drake (D)
  2 komodo dragons (D)
  A polar bear (D)
  A blink frog (D)
  2 wraiths (D)
  A yak (D)
  A shadow (D)
  A basilisk (D)
  A water moccasin (D)
  An acid dragon (D)
  2 wolves (D)
  2 bullfrogs (D)
  2 scorpions (D)
  A howler monkey (D)
  A jelly (D)
  An orc wizard (D)
  An adder (D)
  An ufetubus (D)
  A dart slug (D)
  A goblin (D)
  A bat (D)
  A kobold (D)
  A rat (D)
45 creatures vanquished.

Vanquished Creatures (others)
  A yak (D)
1 creature vanquished.

Grand Total: 46 creatures vanquished

Notes
Turn   | Place    | Note
-------+----------+-------------------------------------------
     0 | D        | rocky1 the Gnoll Wanderer began the quest for the Orb.
     0 | D        | rocky1 set off with the following items: a +2 mace, a +0
                  | ring mail, a scroll of silence, a potion of curing, a
                  | potion of heal wounds, a potion of haste, 2 potions of
                  | magic, a potion of berserk rage, a scroll of blinking; and
                  | the following spell memorised: Beastly Appendage; and the
                  | following spells available to memorise: Spider Form.
     0 | D        | Reached XP level 1. HP: 17/17 MP: 4/4
    19 | D        | Reached skill level 1 in Short Blades
    19 | D        | Reached skill level 1 in Long Blades
    19 | D        | Reached skill level 1 in Axes
    19 | D        | Reached skill level 1 in Polearms
    19 | D        | Reached skill level 1 in Staves
    19 | D        | Reached skill level 1 in Ranged Weapons
    19 | D        | Reached skill level 1 in Throwing
    19 | D        | Reached skill level 1 in Dodging
    19 | D        | Reached skill level 1 in Stealth
    19 | D        | Reached skill level 1 in Shields
    19 | D        | Reached skill level 1 in Unarmed Combat
    19 | D        | Reached skill level 1 in Invocations
    19 | D        | Reached skill level 1 in Evocations
    31 | D        | Noticed a scorpion
    31 | D        | Noticed a scorpion
    31 | D        | Noticed a jelly
    37 | D        | Killed a scorpion
    38 | D        | Reached XP level 2. HP: 23/25 MP: 4/6
    38 | D        | Reached XP level 3. HP: 28/30 MP: 5/8
    38 | D        | Reached XP level 4. HP: 35/37 MP: 5/9
    41 | D        | Killed a scorpion
    42 | D        | Reached XP level 5. HP: 37/42 MP: 5/11
   135 | D        | Learned a level 3 spell: Spider Form
   139 | D        | Found a snail-covered altar of Cheibriados.
   139 | D        | Found a shadowy altar of Dithmenos.
   139 | D        | Found a white marble altar of Elyvilon.
   139 | D        | Found a blossoming altar of Fedhas.
   139 | D        | Found an opulent altar of Gozag.
   140 | D        | Found a hazy altar of Hepliaklqana.
   141 | D        | Found a viscous altar of Jiyva.
   142 | D        | Found an ancient bone altar of Kikubaaqudgha.
   143 | D        | Found a corrupted altar of Lugonu.
   144 | D        | Found a burning altar of Makhleb.
   147 | D        | Became a worshipper of Cheibriados the Contemplative
   150 | D        | Found a sparkling altar of Nemelex Xobeh.
   151 | D        | Found an iron altar of Okawaru.
   152 | D        | Found a stormy altar of Qazlal.
   153 | D        | Found a sacrificial altar of Ru.
   154 | D        | Found a shimmering blue altar of Sif Muna.
   155 | D        | Found a bloodstained altar of Trog.
   156 | D        | Found a hide-covered altar of Uskayaw.
   157 | D        | Found a radiant altar of Vehumet.
   158 | D        | Found an ornate altar of the Wu Jian Council.
   159 | D        | Found a shimmering altar of Xom.
   160 | D        | Found a basalt altar of Yredelemnul.
   161 | D        | Found a glowing silver altar of Zin.
   162 | D        | Found a glowing golden altar of the Shining One.
   229 | D        | Noticed a two-headed ogre
   229 | D        | Noticed a two-headed ogre
   229 | D        | Noticed a yak
   229 | D        | Noticed an acid dragon
   229 | D        | Noticed a two-headed ogre
   238 | D        | Killed a two-headed ogre
   239 | D        | Reached skill level 5 in Conjurations
   239 | D        | Reached skill level 5 in Hexes
   239 | D        | Reached skill level 5 in Summonings
   239 | D        | Reached skill level 5 in Necromancy
   239 | D        | Reached skill level 5 in Translocations
   239 | D        | Reached skill level 5 in Fire Magic
   239 | D        | Reached skill level 5 in Ice Magic
   239 | D        | Reached skill level 5 in Air Magic
   239 | D        | Reached skill level 5 in Earth Magic
   239 | D        | Reached skill level 5 in Poison Magic
   239 | D        | Reached XP level 6. HP: 15/53 MP: 12/15
   239 | D        | Reached XP level 7. HP: 17/59 MP: 13/17
   249 | D        | Killed a two-headed ogre
   249 | D        | Reached * piety under Cheibriados
   249 | D        | Killed a yak
   250 | D        | Reached XP level 8. HP: 54/67 MP: 14/19
   266 | D        | Killed a two-headed ogre
   266 | D        | Reached ** piety under Cheibriados
   267 | D        | Reached skill level 10 in Maces & Flails
   267 | D        | Reached skill level 10 in Armour
   267 | D        | Reached XP level 9. HP: 27/74 MP: 17/21
   616 | D        | Noticed a cyclops
   616 | D        | Noticed a manticore
   624 | D        | Reached *** piety under Cheibriados
   635 | D        | Killed a cyclops
   641 | D        | Reached **** piety under Cheibriados
   653 | D        | Killed a manticore
  1036 | D        | Noticed a cane toad
  1036 | D        | Noticed a polar bear
  1037 | D        | Noticed a seven-headed hydra
  1040 | D        | Noticed an eight-headed hydra
  1045 | D        | Reached ***** piety under Cheibriados
  1046 | D        | Reached XP level 10. HP: 71/83 MP: 17/23
  1046 | D        | Killed a cane toad
  1048 | D        | Killed a seven-headed hydra
  1048 | D        | Killed an eight-headed hydra
  1049 | D        | Reached skill level 10 in Fighting
  1049 | D        | Reached skill level 10 in Spellcasting
  1049 | D        | Reached skill level 10 in Invocations
  1185 | D        | Noticed a cane toad
  1185 | D        | Noticed a black mamba
  1186 | D        | Noticed a seven-headed hydra
  1193 | D        | Killed a black mamba
  1199 | D        | Killed a cane toad
  1200 | D        | Reached skill level 10 in Short Blades
  1200 | D        | Reached skill level 10 in Long Blades
  1200 | D        | Reached skill level 10 in Axes
  1200 | D        | Reached skill level 10 in Polearms
  1200 | D        | Reached skill level 10 in Staves
  1200 | D        | Reached skill level 10 in Ranged Weapons
  1200 | D        | Reached skill level 10 in Throwing
  1200 | D        | Reached skill level 10 in Dodging
  1200 | D        | Reached skill level 10 in Stealth
  1200 | D        | Reached skill level 10 in Shields
  1200 | D        | Reached skill level 10 in Unarmed Combat
  1200 | D        | Reached skill level 10 in Evocations
  1200 | D        | Reached XP level 11. HP: 60/92 MP: 15/25
  1209 | D        | Killed a seven-headed hydra
  1225 | D        | Reached ****** piety under Cheibriados
  1433 | D        | Noticed a dire elephant
  1449 | D        | Mangled by a dire elephant

Illustrated notes

Levels and vault maps discovered:
D:        linesprint [early_d, line_temple, items_1, d_10, items_2, lair_1,
          lair_end, items_3, orc_1, orc_end, items_4, d_15, swamp_1, shoals_1,
          snake_1, spider_1, d_20, vaults_1, items_5, swamp_end, shoals_end,
          snake_end, spider_end, vaults_end, d_27, items_6, zot_1, zot_end,
          crypt_end, forest_end, elf_end, slime_end, tomb_end, abyss_end,
          pan_hell_end]

Skill      XL: |  1  2  3  4  5  6  7  8  9 10 11 |
---------------+----------------------------------+-----
Short Blades   | 2 3 6 7 8 10 | 10.8
Long Blades    | 2 3 6 7 8 10 | 10.8
Axes           | 2 3 6 7 8 10 | 10.8
Polearms       | 2 3 6 7 8 10 | 10.8
Staves         | 2 3 6 7 8 10 | 10.8
Ranged Weapons | 2 3 6 7 8 10 | 10.8
Throwing       | 2 3 6 7 8 10 | 10.8
Dodging        | 2 3 6 7 8 10 | 10.8
Stealth        | 2 3 6 7 8 10 | 10.8
Shields        | 2 3 6 7 8 10 | 10.8
Unarmed Combat | 2 3 6 7 8 10 | 10.8
Invocations    | 2 3 6 7 8 9 10 11 | 11.8
Evocations     | 2 3 6 7 8 10 | 10.8
Fighting       | 3 4 6 7 8 9 10 11 | 11.2
Maces & Flails | 7 9 10 11 12 | 12.6
Armour         | 7 9 10 11 12 | 12.6
Spellcasting   | 3 4 6 7 8 9 10 11 | 11.2
Conjurations   | 2 5 6 7 8 9 |  9.1
Hexes          | 2 5 6 7 8 9 |  9.1
Summonings     | 2 5 6 7 8 9 |  9.1
Necromancy     | 2 5 6 7 8 9 |  9.1
Translocations | 2 5 6 7 8 9 |  9.1
Transmutations | 4 6 7 8 9 |  9.9
Fire Magic     | 2 5 6 7 8 9 |  9.1
Ice Magic      | 2 5 6 7 8 9 |  9.1
Air Magic      | 2 5 6 7 8 9 |  9.1
Earth Magic    | 2 5 6 7 8 9 |  9.1
Poison Magic   | 2 5 6 7 8 9 |  9.1

Action                     |  1- 3 |  4- 6 |  7- 9 | 10-12 || total
---------------------------+-------+-------+-------+-------++-------
  Melee: Mace              |    18 |    10 |       |       ||    28
         Bite              |     1 |       |     9 |    16 ||    26
         Morningstar       |       |     8 |    67 |    85 ||   160
         Punch             |       |     2 |     5 |     7 ||    14
 Invoke: Slouch            |       |       |     1 |     6 ||     7
    Use: Potion            |     2 |     1 |     3 |       ||     6
   Stab: Invisible         |       |     1 |     1 |       ||     2
 Armour: Ring mail         |     6 |     2 |       |       ||     8
         Plate armour      |       |     3 |    45 |    60 ||   108
  Dodge: Dodged            |     6 |     9 |    37 |    70 ||   122

Table legend: (Time is in decaauts)
 A = Elapsed time spent in this place.
 B = Non-inter-level travel time spent in this place.
 C = Inter-level travel time spent in this place.
 D = Time resting spent in this place.
 E = Time spent auto-exploring this place.
 F = Levels seen in this place.
 G = Mean time per level.
                   A        B        C        D        E       F      G
               +--------+--------+--------+--------+--------+-----+--------+
         Total |   1569 |   1569 |      0 |    989 |      0 |   1 | 1569.0 |
       Dungeon |   1569 |   1569 |      0 |    989 |      0 |   1 | 1569.0 |
               +--------+--------+--------+--------+--------+-----+--------+

Top non-repeatable levels by time:
       D: 1569 daAuts
